Map: World of Sleepers LE

Players

Dark

  • Race: Zerg Zerg
  • Spawn Location: 7:00

soO - Winner!

  • Race: Zerg Zerg
  • Spawn Location: 1:00

Event: 2019 WCS Global FInals

VOD

Have the link to the VOD?

Description

Time

  • Played on: Oct. 24, 2019, 3:31 a.m.
  • Length: 6:41

All games in this series

Show
View Real Time Build Order
Export as new Build Order

Dark Zerg 

Build Orders: Hatch First 

Get SALT Encoding   

  12  0:00  Drone  
  13  0:12  Overlord  
  13  0:16  Drone  
  14  0:31  Drone x2  
  16  0:49  Hatchery  
  15  0:51  Drone  
  15  0:54  Drone  
  17  0:57  Drone  
  18  1:09  Extractor  
  17  1:13  Spawning Pool  
  17  1:15  Drone  
  17  1:19  Drone  
  18  1:28  Drone  
  19  1:38  Drone  
  20  1:49  Drone  
  21  2:00  Queen  
  21  2:01  Overlord, Queen  
  23  2:03  Drone  
  26  2:09  Metabolic Boost  
  26  2:11  Drone  
  27  2:16  Drone  
  27  2:21  Drone  
  29  2:26  Drone  
  30  2:31  Drone  
  30  2:37  Hatchery  
  30  2:43  Drone  
  31  2:44  Overlord  
  31  2:46  Zergling x2  
  32  2:57  Zergling x4  
  34  3:07  Zergling x4  
  34  3:11  Zergling x10  
  41  3:13  Zergling x2  
  41  3:19  Overlord  
  41  3:24  Roach Warren, Zergling x2  
  41  3:28  Overlord  
  41  3:29  Overlord  
  41  3:46  Overlord  
  41  4:00  Zergling x6  
  42  4:04  Roach x3  
  42  4:05  Roach x3  
  42  4:08  Roach  
  48  4:23  Roach  
  47  4:32  Roach  
  49  4:43  Roach x2  
  53  4:49  Roach  
  55  4:54  Roach  
  57  5:02  Drone x2  
  57  5:06  Drone  
  60  5:10  Drone  
  61  5:16  Drone  
  61  5:18  Drone  
  63  5:23  Drone  
  63  5:26  Drone  
  65  5:29  Drone  
  65  5:33  Drone  
  65  5:34  Drone  
  68  5:37  Drone  
  68  5:40  Drone  
  70  5:42  Drone  
  70  5:45  Drone  
  70  5:47  Drone  
  72  5:53  Roach  
  72  5:55  Roach  
  75  6:00  Roach x2  
  79  6:04  Roach  
  79  6:07  Overlord  
  81  6:11  Overlord  
  78  6:20  Roach x3  
  78  6:24  Zergling x2  
Show
View Real Time Build Order
Export as new Build Order

soO Zerg - Winner!

Build Orders: Hatch First 

Get SALT Encoding   

  12  0:00  Drone  
  13  0:12  Overlord  
  13  0:16  Drone  
  14  0:30  Drone x2  
  16  0:47  Hatchery  
  15  0:50  Drone  
  15  0:54  Drone  
  17  0:57  Drone  
  18  1:08  Extractor  
  17  1:12  Spawning Pool  
  17  1:16  Drone  
  17  1:18  Drone  
  18  1:27  Drone  
  19  1:38  Drone  
  20  1:48  Overlord  
  20  1:59  Queen x2  
  20  2:00  Drone x2  
  26  2:08  Metabolic Boost  
  26  2:12  Drone x2  
  28  2:21  Zergling x2  
  28  2:22  Drone  
  30  2:33  Hatchery  
  30  2:35  Drone  
  30  2:41  Queen  
  30  2:43  Drone  
  33  2:47  Overlord  
  33  2:54  Drone  
  34  3:00  Drone, Baneling Nest  
  34  3:06  Drone  
  34  3:09  Zergling x2  
  34  3:10  Zergling x6  
  39  3:17  Zergling x6  
  42  3:25  Overlord  
  42  3:36  Zergling x4  
  44  3:42  Zergling x2  
  44  3:45  Baneling x2  
  44  3:48  Zergling x4  
  44  3:49  Zergling x4  
  44  3:51  Zergling x4  
  44  3:52  Zergling x2  
  44  3:55  Zergling x2  
  51  3:56  Zergling x2  
  51  3:57  Zergling x4  
  54  4:06  Drone x3  
  54  4:13  Zergling x2  
  54  4:16  Zergling x4  
  57  4:21  Zergling x6  
  56  4:27  Roach Warren  
  56  4:29  Zergling x2  
  56  4:38  Drone  
  57  4:40  Overlord  
  57  4:43  Overlord  
  57  4:45  Overlord  
  57  4:56  Extractor  
  56  5:01  Drone x2  
  58  5:07  Drone  
  58  5:09  Drone x2  
  58  5:12  Roach x9  
  79  5:20  Overlord, Roach  
  81  5:22  Overlord  
  81  5:25  Overlord  
  81  5:26  Overlord  
  81  5:34  Overlord  
  81  5:42  Roach x3  
  87  5:51  Roach x3, Zergling x10  
  98  6:00  Zergling x8  
  102  6:07  Baneling x4  
  102  6:10  Zergling x4  
  103  6:19  Roach  
  103  6:20  Roach  
  103  6:21  Zergling x4  
  103  6:22  Zergling x4  
  103  6:24  Zergling x6  
Tags
 
Add a new tag
Caveats
  • Supply blocks, unpowered buildings, or Contaminate may cause inaccurate times.
  • Supply counts are checked every 10 seconds.